 Dungeon Crawl Stone Soup version 0.19-a0-1498-g0b85ae9 (webtiles) character file.

75408 inmateoo the Fencer (level 15, -2/71 HPs)
             Began as a Vine Stalker Fighter on Sept 10, 2016.
             Was the Champion of Hepliaklqana.
             Killed from afar by a tengu reaver (15 damage)
             ... with a bolt of lightning
             ... on level 13 of the Dungeon.
             The game lasted 00:36:28 (17659 turns).

inmateoo the Fencer (Vine Stalker Fighter)         Turns: 17659, Time: 00:36:29

Health: -2/71      AC: 21    Str: 21      XL:     15   Next: 50%
Magic:  0/21       EV: 14    Int:  8 (10) God:    Hepliaklqana [******]
Gold:   1000       SH: 15    Dex: 18      Spells: 4 memorised, 12 levels left

rFire  . . .     SeeInvis .     V - +3 scimitar (flame)
rCold  + . .     Gourm    .     K - +2 plate armour {MR+}
rNeg   . . .     Faith    .     c - +0 shield
rPois  +         Spirit   +     v - +0 hat
rElec  .         Dismiss  .     t - +0 cloak
rCorr  .         Reflect  +     w - +1 pair of gloves
MR     +++..     Harm     .     x - +0 pair of boots
Stlth  ..........               e - +3 amulet of reflection
                                a - ring of protection from magic
                                s - ring of protection from cold

@: very slightly contaminated, hasted, invisible, very quick
A: claws 1, fangs 3, horns 1, repulsion field 1, clever 1, deterioration 1,
poison resistance, regeneration 2, evolution 2, magic shield, antimagic bite, no
device heal 3, rot immunity, sturdy frame 2
a: Recall Ancestor, Ancestor Identity, Transference, Idealise, Renounce Religion


You were on level 13 of the Dungeon.
You worshipped Hepliaklqana.
Hepliaklqana was exalted by your worship.
You were hungry.

You visited 3 branches of the dungeon, and saw 20 of its levels.
You also visited: Sewer, Ossuary, Bailey and Ice Cave.

You collected 1453 gold pieces.
You spent 453 gold pieces at shops.

Inventory:

Hand Weapons
 S - a +1 scimitar of holy wrath
 V - a +3 scimitar of flaming (weapon)
Armour
 c - a +0 shield (worn)
 t - a +0 cloak (worn)
 v - a +0 hat (worn)
 w - a +1 pair of gloves (worn)
 x - a +0 pair of boots (worn)
 K - a +2 plate armour of magic resistance (worn)
 Q - a +0 plate armour of cold resistance
Jewellery
 a - a ring of protection from magic (right hand)
 b - an uncursed ring of poison resistance
 e - a +3 amulet of reflection (around neck)
 s - a ring of protection from cold (left hand)
Wands
 r - a wand of hasting (0/9)
 y - a wand of digging (10/24)
 G - a wand of hasting (8/9)
 X - a wand of paralysis (9/24)
 Z - a wand of disintegration (12/24)
Scrolls
 g - 3 scrolls of enchant weapon
 i - 4 scrolls of fear
 q - 4 scrolls of amnesia
 u - 4 scrolls of remove curse
 z - 10 scrolls of teleportation
 A - 6 scrolls of magic mapping
 E - a scroll of summoning
 J - a scroll of brand weapon {unknown}
 M - a scroll of recharging
 N - 3 scrolls of enchant armour
 O - 2 scrolls of blinking
 T - 2 scrolls of identify
 Y - a scroll of fog
Potions
 d - 6 potions of might
 h - 6 potions of lignification
 j - 4 potions of cure mutation
 k - 3 potions of magic
 l - 9 potions of flight
 n - 3 potions of haste
 o - 2 potions of cancellation
 C - 3 potions of ambrosia
 D - 8 potions of agility
 F - 13 potions of curing
 H - a potion of berserk rage
 I - 2 potions of brilliance
 P - 3 potions of resistance
 R - a potion of beneficial mutation
Books
 W - a book of Enchantments

   Spells                             Type                      Level
   a - Cause Fear                     Hexes                        4
   b - Yara's Violent Unravelling     Hexes/Transmutation          5
   c - Silence                        Hexes/Air                    5
   d - Deflect Missiles               Charms/Air                   6
   e - Haste                          Charms                       6
   f - Discord                        Hexes                        8
Comestibles
 f - 10 bread rations
 m - 4 slices of pizza
 p - a royal jelly
 L - 8 meat rations
 U - 6 chunks of flesh


   Skills:
 + Level 9.2 Fighting
 * Level 15.7 Long Blades
 + Level 10.0 Armour
 + Level 9.2 Dodging
 - Level 9.0 Shields
 + Level 3.5 Spellcasting


You had 12 spell levels left.
You knew the following spells:

 Your Spells              Type           Power        Failure   Level  Hunger
a - Passage of Golubria   Tloc           N/A          100%        4    #####..
b - Blink                 Tloc           N/A          100%        2    ###....
c - Shroud of Golubria    Chrm/Tloc      #.........   100%        2    ###....
d - Apportation           Tloc           #.........   100%        1    ##.....


Dungeon Overview and Level Annotations

Branches:
Dungeon (13/15)            Temple (1/1) D:6            Lair (6/6) D:10
  Swamp (0/4) Lair:2       Spider (0/4) Lair:4        Slime (0/5) Lair:5
    Orc (0/2) D:12         Vaults (0/5) D:13

Altars:
Ashenzari
Cheibriados
Dithmenos
Elyvilon
Fedhas
Gozag
Hepliaklqana
Kikubaaqudgha
Makhleb
Nemelex Xobeh
Okawaru
Qazlal
Ru
Sif Muna
Trog
Uskayaw
Vehumet
Xom
Yredelemnul
Zin
The Shining One
Beogh
Jiyva

Shops:
D:10 *


Innate Abilities, Weirdness & Mutations

You have razor-sharp teeth.
You heal very quickly.
When hurt, damage is shared between your health and your magic reserves.
Your bite disrupts and absorbs the magic of your enemies.
Potions and wands cannot restore your health.
You are immune to rotting.
You have sharp fingernails.
You have a pair of small horns on your head.
You are surrounded by a mild repulsion field. (EV +2)
Your mind is acute. (Int +2)
Your body sometimes deteriorates upon taking damage.
Your system is resistant to poisons. (rPois)
You rapidly evolve.
Your movements are less encumbered by armour. (ER -4)


Message History

The tengu reaver hits Lucius with a war axe!
The tengu reaver pecks Lucius!
The tengu reaver claws Lucius.
Lucius gestures at the tengu reaver while chanting.
The bolt of magma hits the tengu reaver.
The bolt of magma hits the anaconda.
Unknown command.
You are feeling hungry.
The crystal guardian fires a crystalline bolt at you.
The crystal bolt freezes Lucius.
Lucius resists.
Lucius is destroyed!
The crystal bolt freezes you! You resist.
* * * LOW HITPOINT WARNING * * *
Your body deteriorates!
You feel dopey.
Unknown command.
Unknown command.
Unknown command.
The tengu reaver gestures at you while chanting.
The bolt of lightning hits you!
You die...

#....8.....#######...#
#....................######
####.........................#
..............########.>.....#
.............###### #.......#
..........####....# #.......#
........###.......# #.......#
.......##.........# #.......#
......####'#####@## #.......#
......#.#...###...# #.......#
..).(##.'..##.....# #.......#
.....#..#.##......# #.......#
.....#..###Q####### #.......#
....##)(##..# #.......#
....#...##.S# #.......#
....#...#..W# #)......#
##..#..)#..C' #.......#


You could see a tengu reaver.

Vanquished Creatures
  Gastronok (Lair:1)
  An orc warlord (Bailey)
  The ghost of DEFE the Corrupter of Planes, a journeyman DsNe of Lugonu (Lair:6)
  Fannar (D:11)
  An ice dragon (D:11)
  9 hydras
  A vault guard (D:13)
  A centaur warrior (D:13)
  2 hill giants
  Pikel (D:8)
  2 deep elf magi (D:12)
  2 orc sorcerers (D:13)
  A hornet (Lair:6)
  3 cyclopes
  3 ugly things
  2 orc knights (Bailey)
  2 wolf spiders (Lair:6)
  2 griffons
  A manticore (D:13)
  7 black mambas
  Maurice (D:9)
  Joseph (D:7)
  A guardian serpent (Lair:6)
  5 elephants (Lair:6)
  2 ice statues (IceCv)
  13 spiny frogs
  A demonic crawler (Lair:4)
  A komodo dragon (D:12)
  An efreet (D:13)
  5 trolls
  Grinder (D:4)
  A polar bear (D:11)
  4 dream sheep (Lair:5)
  11 blink frogs
  Prince Ribbit (D:8)
  A redback (Lair:6)
  Sigmund (D:3)
  A shadow (D:13)
  7 wyverns
  19 yaks
  3 hogs (D:7)
  A basilisk (Lair:4)
  A human (D:7)
  4 hippogriffs
  Menkaure (D:6)
  Edmund (D:4)
  2 insubstantial wisps (D:9)
  39 water moccasins
  4 porcupines
  14 orc warriors
  7 sky beasts
  An eye of draining (D:13)
  7 ice beasts
  3 wasps (Lair:6)
  A phantom (D:9)
  6 wolves
  A necrophage (D:8)
  5 ogres
  4 centaurs
  14 crocodiles
  2 big kobolds (Sewer)
  An elf zombie (Ossuary)
  9 giant frogs
  A water moccasin zombie (D:12)
  A water moccasin skeleton (D:7)
  6 scorpions
  5 killer bees
  4 howler monkeys
  5 electric eels
  3 crimson imps
  2 wasp zombies
  A giant frog zombie (D:9)
  5 centaur zombies
  3 human zombies (Ossuary)
  5 jellies
  7 orc priests
  A gnoll shaman (D:6)
  13 hounds
  10 orc wizards
  3 centaur skeletons
  2 giant frog skeletons
  Ijyb (D:3)
  Jessica (D:3)
  7 iguanas
  Terence (D:3)
  Natasha (D:2)
  10 worker ants
  A killer bee zombie (D:7)
  A big kobold zombie (Ossuary)
  4 hound zombies (D:5)
  A hound skeleton (D:4)
  2 mummies (Ossuary)
  14 gnolls
  A howler monkey skeleton (D:8)
  2 howler monkey zombies (D:5)
  3 worker ant zombies
  32 adders
  23 river rats
  5 shadow imps
  4 oozes
  2 adder skeletons
  5 worms
  2 dart slugs
  12 giant geckos
  58 orcs
  7 giant cockroaches
  20 goblins
  22 hobgoblins
  13 jackals
  7 quokkas
  4 ball pythons
  8 bats
  A giant gecko skeleton (D:4)
  A giant gecko zombie (D:5)
  5 giant newts
  2 goblin zombies (Ossuary)
  9 hobgoblin zombies (Ossuary)
  A jackal zombie (D:5)
  23 kobolds
  7 kobold zombies (Ossuary)
  10 orc zombies (Ossuary)
  A quokka zombie (D:5)
  25 rats
  A rat zombie (Ossuary)
  A withered plant (D:5)
691 creatures vanquished.

Vanquished Creatures (collateral kills)
  The ghost of Roxy the Fencer, a journeyman FoFi of Okawaru (Lair:4)
  2 hydras
  3 vault guards (D:13)
  The ghost of sergedm the Eclecticist, a journeyman DECj of Vehumet (D:13)
  Erica (D:9)
  2 deep elf knights (D:13)
  An unseen horror (D:13)
  A hill giant (D:11)
  An orc knight (D:13)
  2 ugly things
  An oklob plant (Lair:6)
  A centaur zombie (D:12)
  An elephant (Lair:6)
  2 centaur skeletons
  5 spiny frogs
  3 komodo dragons
  2 trolls (D:11)
  A polar bear (D:11)
  2 blink frogs (Lair:4)
  A dream sheep (Lair:5)
  A wraith (D:12)
  2 wyverns (Lair:6)
  5 yaks
  2 hippogriffs
  2 steam dragons
  5 water moccasins
  3 porcupines
  A sky beast (D:9)
  2 orc warriors
  2 ice beasts (IceCv)
  6 wolves
  3 centaurs (D:13)
  2 crocodiles
  2 killer bees (D:8)
  3 electric eels
  A howler monkey (D:9)
  3 giant frog zombies
  3 hounds
  3 orc wizards
  2 iguanas
  2 worker ants
  A worker ant zombie (D:9)
  2 gnolls (Bailey)
  12 river rats
  5 adders
  14 orcs
  2 ball pythons (Sewer)
  A giant cockroach (Lair:4)
  6 goblins (Bailey)
  4 hobgoblins (Bailey)
  2 jackals (D:10)
  A kobold (Sewer)
  5 rats (Sewer)
  A butterfly (Lair:5)
145 creatures vanquished.

Vanquished Creatures (others)
  A cyclops (D:13)
  A centaur (D:13)
  A giant frog (D:8)
  6 battlemagi
  4 ancestors
  An adder (D:8)
  2 jackals (D:8)
  A bush (Lair:6)
  10 fungi (Lair:6)
  16 plants (Lair:6)
43 creatures vanquished.

Grand Total: 879 creatures vanquished

Notes
Turn   | Place    | Note
-------+----------+-------------------------------------------
     0 | D:1      | inmateoo the Vine Stalker Fighter began the quest for the Orb.
     0 | D:1      | Reached XP level 1. HP: 11/11 MP: 2/2
    40 | D:1      | Reached skill level 2 in Long Blades
    40 | D:1      | Reached XP level 2. HP: 3/16 MP: 3/3
   513 | D:1      | Reached XP level 3. HP: 14/19 MP: 4/4
  1042 | D:2      | Found a burning altar of Makhleb.
  1148 | D:2      | Gained mutation: Your natural rate of healing is unusually fast. [Vine Stalker growth]
  1148 | D:2      | Reached XP level 4. HP: 23/24 MP: 5/5
  1351 | D:2      | Noticed Natasha
  1358 | D:2      | Killed Natasha
  1358 | D:2      | Reached skill level 3 in Long Blades
  1415 | D:2      | Reached XP level 5. HP: 28/28 MP: 6/6
  1594 | D:3      | Noticed Ijyb
  1595 | D:3      | Found an ancient bone altar of Kikubaaqudgha.
  1609 | D:3      | Killed Ijyb
  1647 | D:3      | Noticed an ogre
  1662 | D:3      | Killed an ogre
  1662 | D:3      | Reached skill level 4 in Long Blades
  1662 | D:3      | Reached XP level 6. HP: 24/32 MP: 7/7
  1693 | D:3      | Noticed Terence
  1715 | D:3      | Killed Terence
  1741 | D:3      | Noticed Jessica
  1747 | D:3      | Killed Jessica
  1931 | D:3      | Noticed Sigmund
  1963 | D:3      | Killed Sigmund
  1963 | D:3      | Reached skill level 5 in Long Blades
  1963 | D:3      | Reached XP level 7. HP: 16/36 MP: 8/8
  2453 | D:4      | Reached skill level 6 in Long Blades
  2785 | D:4      | Noticed Edmund
  2810 | D:4      | Killed Edmund
  2810 | D:4      | Gained mutation: You have razor-sharp teeth. [Vine Stalker growth]
  2810 | D:4      | Reached XP level 8. HP: 25/40 MP: 6/9
  2840 | D:4      | Noticed Grinder
  2877 | D:4      | Paralysed by Grinder for 2 turns
  2879 | D:4      | Killed Grinder
  2879 | D:4      | Reached skill level 7 in Long Blades
  2879 | D:4      | Reached skill level 5 in Armour
  3341 | D:5      | Entered Level 5 of the Dungeon
  3385 | D:5      | Gained mutation: Your body sometimes deteriorates upon taking damage. [mutagenic meat]
  3388 | D:5      | Gained mutation: You are agile. (Dex +2) [mutagenic meat]
  3391 | D:5      | Gained mutation: Your skin changes colour to match your surroundings (Stealth+). [mutagenic meat]
  3394 | D:5      | Gained mutation: Your body often deteriorates upon taking damage. [mutagenic meat]
  3407 | D:5      | Found a sand-covered staircase.
  3412 | Ossuary  | Entered an ossuary
  3570 | Ossuary  | Reached skill level 8 in Long Blades
  3683 | Ossuary  | Reached XP level 9. HP: 39/44 MP: 10/10
  4272 | D:6      | Reached skill level 1 in Dodging
  4367 | D:6      | Found a shimmering altar of Xom.
  4380 | D:6      | Reached skill level 9 in Long Blades
  4412 | D:6      | Found a staircase to the Ecumenical Temple.
  4415 | D:6      | Found a glowing drain.
  4419 | Temple   | Entered the Ecumenical Temple
  4455 | Temple   | Became a worshipper of Hepliaklqana
  4519 | Sewer    | Entered a sewer
  5066 | D:6      | Reached * piety under Hepliaklqana
  5305 | D:6      | Noticed Menkaure
  5313 | D:6      | Killed Menkaure
  5662 | D:7      | Noticed Joseph
  5666 | D:7      | Reached skill level 10 in Long Blades
  5681 | D:7      | Killed Joseph
  5681 | D:7      | Reached XP level 10. HP: 16/44 MP: 11/11
  5955 | D:7      | Reached skill level 11 in Long Blades
  6056 | D:7      | Found a flagged portal.
  6062 | Bailey   | Entered a bailey
  6355 | Bailey   | Noticed an orc warlord
  6355 | Bailey   | Noticed an orc knight
  6357 | Bailey   | Noticed an orc knight
  6378 | Bailey   | Killed an orc warlord
  6378 | Bailey   | Reached skill level 5 in Dodging
  6378 | Bailey   | Reached XP level 11. HP: 46/46 MP: 12/12
  6386 | Bailey   | Killed an orc knight
  6398 | Bailey   | Killed an orc knight
  6398 | Bailey   | Reached skill level 12 in Long Blades
  6545 | D:7      | Found a shimmering altar of Xom.
  6616 | D:7      | Reached ** piety under Hepliaklqana
  6650 | D:7      | Gained mutation: You evolve. [mutagenic meat]
  6653 | D:7      | Lost mutation: Your body often deteriorates upon taking damage. [mutagenic meat]
  6656 | D:7      | Gained mutation: Your muscles are strong. (Str +2) [mutagenic meat]
  6665 | D:7      | Gained mutation: You are surrounded by a mild repulsion field. (EV +2) [mutagenic meat]
  6671 | D:7      | Gained mutation: You tend to lose your temper in combat. [mutagenic meat]
  6675 | D:7      | Remembered your ancestor Lucius as a battlemage
  7009 | D:8      | Found a hide-covered altar of Uskayaw.
  7025 | D:8      | Noticed Prince Ribbit
  7032 | D:8      | Killed Prince Ribbit
  7056 | D:8      | Lost mutation: Your muscles are strong. (Str +2) [mutagenic meat]
  7123 | D:8      | Noticed Pikel
  7148 | D:8      | Killed Pikel
  7295 | D:8      | Found a deep blue altar of Sif Muna.
  7322 | D:8      | Found a shadowy altar of Dithmenos.
  7521 | D:8      | Gained mutation: You are occasionally teleported next to monsters. [mutagenic meat]
  7524 | D:8      | Gained mutation: Your magical capacity is low. (-10% MP) [mutagenic meat]
  7527 | D:8      | Gained mutation: Your mind is acute. (Int +2) [mutagenic meat]
  7530 | D:8      | Gained mutation: You have a pair of small horns on your head. [mutagenic meat]
  7547 | D:8      | Gained mutation: You rapidly evolve. [evolution]
  7611 | D:9      | Noticed Erica
  7618 | D:9      | Killed Erica
  7640 | D:9      | Found a bloodstained altar of Trog.
  7674 | D:9      | Reached *** piety under Hepliaklqana
  7684 | D:9      | You fall through a shaft!
  7684 | D:10     | Entered Level 10 of the Dungeon
  7921 | D:9      | Noticed Maurice
  7943 | D:9      | Killed Maurice
  7978 | D:9      | Found a snail-covered altar of Cheibriados.
  8125 | D:9      | Gained mutation: You have sharp fingernails. [mutagenic meat]
  8131 | D:9      | Lost mutation: You are occasionally teleported next to monsters. [mutagenic meat]
  8134 | D:9      | Gained mutation: Your mind is very acute. (Int +4) [mutagenic meat]
  8137 | D:9      | Lost mutation: You have a pair of small horns on your head. [mutagenic meat]
  8396 | D:9      | Found an iron altar of Okawaru.
  8755 | D:10     | Reached skill level 5 in Shields
  8903 | D:10     | Reached skill level 5 in Fighting
  8903 | D:10     | Gained mutation: You heal very quickly. [Vine Stalker growth]
  8903 | D:10     | Reached XP level 12. HP: 54/54 MP: 11/11
  8980 | D:10     | Reached **** piety under Hepliaklqana
  9016 | D:10     | Found a staircase to the Lair.
  9055 | D:10     | Found Yraogatu's Assorted Antiques.
  9069 | D:10     | Bought a scroll of identify for 54 gold pieces
  9069 | D:10     | Bought 2 coppery potions for 48 gold pieces
  9069 | D:10     | Bought a scroll of identify for 54 gold pieces
  9069 | D:10     | Bought a scroll of identify for 54 gold pieces
  9069 | D:10     | Bought a scroll of teleportation for 81 gold pieces
  9069 | D:10     | Bought a scroll labeled MACSET JAQI for 27 gold pieces
  9069 | D:10     | Bought a cabochon ring for 135 gold pieces
  9335 | Lair:1   | Entered Level 1 of the Lair of Beasts
  9424 | Lair:1   | Noticed Gastronok
  9436 | Lair:1   | Killed Gastronok
  9436 | Lair:1   | Reached skill level 13 in Long Blades
  9599 | Lair:1   | Noticed a seven-headed hydra
  9606 | Lair:1   | Killed a three-headed hydra
  9616 | Lair:1   | Gained mutation: Your movements are slightly less encumbered by armour. (ER -2) [evolution]
  9895 | Lair:1   | Learned a level 4 spell: Passage of Golubria
  9898 | Lair:1   | Learned a level 2 spell: Blink
  9901 | Lair:1   | Learned a level 2 spell: Shroud of Golubria
  9903 | Lair:1   | Learned a level 1 spell: Apportation
 10270 | Lair:2   | Reached ***** piety under Hepliaklqana
 10389 | Lair:2   | Found a staircase to the Swamp.
 10978 | Lair:3   | Noticed an eight-headed hydra
 10984 | Lair:3   | Killed a five-headed hydra
 11010 | Lair:3   | Noticed an eight-headed hydra
 11019 | Lair:3   | Killed a four-headed hydra
 11054 | Lair:3   | Noticed a seven-headed hydra
 11065 | Lair:3   | Killed a three-headed hydra
 11247 | Lair:3   | Reached XP level 13. HP: 58/58 MP: 12/12
 11786 | Lair:4   | Noticed Roxy's ghost (journeyman FoFi)
 11802 | Lair:4   | Killed Roxy's ghost
 12119 | Lair:4   | Found a hole to the Spider Nest.
 12210 | Lair:4   | Reached skill level 14 in Long Blades
 12549 | Lair:4   | Gained mutation: Your system is resistant to poisons. (rPois) [evolution]
 12993 | Lair:5   | Found a staircase to the Slime Pits.
 12993 | Lair:5   | Found a viscous altar of Jiyva.
 13063 | Lair:5   | Reached ****** piety under Hepliaklqana
 13733 | Lair:6   | Entered Level 6 of the Lair of Beasts
 13781 | Lair:6   | Noticed DEFE's ghost (journeyman DsNe)
 13837 | Lair:6   | Killed DEFE's ghost
 13868 | Lair:6   | Reached XP level 14. HP: 50/64 MP: 13/13
 13934 | Lair:6   | Lost mutation: Your mind is very acute. (Int +4) [mutagenic meat]
 13947 | Lair:6   | Lost mutation: You are agile. (Dex +2) [mutagenic meat]
 14332 | Lair:6   | Lost mutation: Your magical capacity is low. (-10% MP) [evolution]
 15121 | D:11     | Found a frozen archway.
 15151 | D:11     | Reached skill level 15 in Long Blades
 15189 | IceCv    | Entered an ice cave
 15272 | IceCv    | Lost mutation: Your skin changes colour to match your surroundings (Stealth+). [mutagenic meat]
 15287 | IceCv    | Got an ancient scythe
 15300 | D:11     | Identified the +11 scythe "Usoqalux" {slice, Str+5 Int+6} (You found it in an ice cave)
 15382 | D:11     | Gained mutation: Your movements are less encumbered by armour. (ER -4) [mutagenic meat]
 15745 | D:11     | Noticed Fannar
 15756 | D:11     | Killed Fannar
 15990 | D:11     | Reached skill level 1 in Spellcasting
 16430 | D:12     | Gained mutation: You have a pair of small horns on your head. [evolution]
 16451 | D:12     | Found a roughly hewn altar of Beogh.
 16451 | D:12     | Found a staircase to the Orcish Mines.
 16646 | D:12     | Reached XP level 15. HP: 70/70 MP: 14/18
 16956 | D:13     | Noticed sergedm's ghost (journeyman DECj)
 16969 | D:13     | Killed sergedm's ghost
 17360 | D:13     | Found a gate to the Vaults.
 17588 | D:13     | Reached skill level 10 in Armour
 17603 | D:13     | Lost mutation: You tend to lose your temper in combat. [mutagenic meat]
 17645 | D:13     | Noticed a tengu reaver
 17659 | D:13     | Killed from afar by a tengu reaver

Vault maps used:
D:1:      minmay_arrival_shattered_statue
D:2:      nicolae_overflow_crystal_walls, first_bread, serial_park_tiny_1,
          uniq_natasha
D:3:      lemuel_round_altar, uniq_jessica, uniq_sigmund, uniq_iyjb,
          uniq_terence
D:4:      uniq_edmund, uniq_grinder
D:5:      enter_ossuary_5, serial_undead, serial_undead_c, serial_undead_b,
          serial_undead_c, serial_undead_e
D:6:      basic_altar, portal_sewer_entry_a, uniq_menkaure
D:7:      old_standard_altar, enter_bailey_2, grunt_livestock,
          hangedman_minor_gate_pass, uniq_joseph
D:8:      lemuel_round_altar, grunt_dithmenos_smoke_and_mirrors,
          lemuel_crystal_altar, uniq_prince_ribbit1, uniq_pikel
D:9:      lemuel_doored_altar, okawaru_metal_pillars_1_2, kennysheep_little_box,
          hangedman_misty_isle, uniq_erica, uniq_maurice
D:10:     erik_lair_island, serial_shops, shop
D:11:     portal_ice_cave_entry_animals_and_master, uniq_fannar
D:12:     lemuel_reptile_caves, david_orc_5, grunt_ministairs_12
D:13:     minmay_sliced_demisemicircle, grunt_vaults_entry_fortified,
          serial_bayou_pond_e, wad_dig_loot
Temple:   minmay_temple_bridge_abc
Lair:1:   beast_lair_carwin_large_1, serial_bayou_shore_a, uniq_gastronok
Lair:2:   swamp_mist_pool, infiniplex_staircase_pool_2
Lair:4:   nicolae_spider_entry_non_spiders, serial_bayou_crossing
Lair:5:   slime_altar_1, lemuel_fruit_fields, bh_autumn_forest_stairs,
          grunt_megastairs_4
Lair:6:   hangedman_lair_tendril_chambers, st_stairs_8,
          hangedman_lair_unloving_vines, minmay_lair_oklob_bushes,
          grunt_megastairs_2
Sewer:    sewer_minmay_treatment
Ossuary:  ossuary_tomb_1
Bailey:   bailey_axe_minmay_hex_keep, bailey
IceCv:    ice_cave_statue_garden_teleport

Skill      XL: |  1  2  3  4  5  6  7  8  9 10 11 12 13 14 15 |
---------------+----------------------------------------------+-----
Long Blades    | 2 3 4 5 6 8 10 11 12 13 14 15 | 15.7
Shields        | 3 5 6 7 8 9 |  9.0
Fighting       | 3 5 6 7 8 9 |  9.2
Armour         | 3 4 5 6 7 8 9 10 | 10.0
Dodging        | 3 5 6 8 9 |  9.2
Spellcasting   | 1 3 |  3.5

Action                   |  1- 3 |  4- 6 |  7- 9 | 10-12 | 13-15 || total
-------------------------+-------+-------+-------+-------+-------++-------
Melee: Long sword        |    97 |   139 |   618 |   373 |       ||  1227
       Bite              |    22 |    38 |   234 |   258 |   448 ||  1000
       Unarmed           |       |    15 |       |       |       ||    15
       Scimitar          |       |       |       |   305 |  1010 ||  1315
       Headbutt          |       |       |       |    16 |    54 ||    70
Invok: Recall Ancestor   |       |       |       |     2 |     1 ||     3
       Ancestor Life: Ba |       |       |       |     1 |       ||     1
       Transference      |       |       |       |       |     1 ||     1
Evoke: Wand              |       |       |       |     4 |     3 ||     7
  Use: Scroll            |       |     1 |     7 |    27 |     5 ||    40
       Potion            |       |       |       |     1 |     1 ||     2
 Stab: Distracted        |       |       |     2 |     7 |     8 ||    17
       Sleeping          |       |       |     1 |       |       ||     1
  Eat: Chunk             |     1 |     3 |    15 |    45 |    18 ||    82
       Beef jerky        |       |       |     1 |       |     5 ||     6
       Pizza             |       |       |       |     6 |     1 ||     7
       Fruit             |       |       |       |     2 |     2 ||     4
       Royal jelly       |       |       |       |       |     1 ||     1
Armor: Scale mail        |    34 |     8 |   164 |       |       ||   206
       Plate armour      |    12 |    74 |    22 |   187 |   238 ||   533
Dodge: Dodged            |    33 |    27 |   106 |   124 |   280 ||   570
Block: Shield            |    54 |    82 |   357 |   322 |   544 ||  1359
       Reflection        |       |       |     4 |       |    25 ||    29
